 Dungeon Crawl Stone Soup version 0.25-a0-632-g7713895373 (webtiles) character file.

Game seed: 2119312391830860841, levelgen mode: deterministic

329 n0claF the Skirmisher (level 6, -2/57 HPs)
             Began as a Hill Orc Monk on Mar 19, 2020.
             Was a Believer of Beogh.
             Slain by a gnoll
             ... wielding a +0 club
              (3 damage)
             ... on level 4 of the Dungeon.
             The game lasted 00:10:45 (4237 turns).

n0claF the Skirmisher (Hill Orc Monk)               Turns: 4237, Time: 00:10:46

Health: -2/57      AC:  7    Str: 18    XL:     6   Next: 51%
Magic:  6/6        EV: 12    Int: 10    God:    Beogh [**....]
Gold:   149        SH:  0    Dex: 11    Spells: 5/5 levels left

rFire    + . .     SeeInvis .   m - +2 dagger (speed)
rCold    x . .     Gourm    .   (no shield)
rNeg     . . .     Faith    .   o - +0 leather armour
rPois    .         Spirit   .   (no helmet)
rElec    .         Reflect  .   k - +0 cloak
rCorr    .         Harm     .   (no gloves)
MR       .....                  (no boots)
Stlth    +.........             (no amulet)
HPRegen  0.19/turn              j - ring of fire
MPRegen  0.10/turn              (no ring)

@: hasted, very quick
A: rugged brown scales 1, yellow scales 1, clumsy 1, strong 1
a: Smiting, Renounce Religion


You were on level 4 of the Dungeon.
You worshipped Beogh.
Beogh was pleased with you.
You were hungry.

You visited 1 branch of the dungeon, and saw 4 of its levels.

You collected 149 gold pieces.

Inventory:

Hand Weapons
 h - a +0 long sword
   (You found it on level 2 of the Dungeon)
 m - a +2 dagger of speed (weapon)
   (You took it off a goblin on level 2 of the Dungeon)
Armour
 k - a +0 cloak (worn)
   (You found it on level 2 of the Dungeon)
 o - a +0 leather armour (worn)
   (You found it on level 2 of the Dungeon)
 s - a +2 chain mail of cold resistance
   (You found it on level 4 of the Dungeon)
Jewellery
 j - a ring of fire (left hand)
   (You found it on level 3 of the Dungeon)
Scrolls
 a - 2 scrolls of teleportation {unknown}
 d - a scroll of random uselessness {unknown}
 f - a scroll of blinking {unknown}
 g - 3 scrolls of remove curse {unknown}
 n - 3 scrolls of identify {unknown}
 p - a scroll of enchant weapon {unknown}
Potions
 c - a potion of flight {unknown}
 i - a potion of berserk rage {unknown}
 q - a potion of heal wounds {unknown}
Comestibles
 e - 6 rations {!d}


   Skills:
 + Level 5.3 Fighting
 * Level 3.3(3.4) Short Blades
 - Level 1.1(2.5) Long Blades
   Level 4.1 Maces & Flails
 + Level 3.2 Armour
 - Level 2.4 Dodging
 - Level 1.5 Stealth


You had 5 spell levels left.
You didn't know any spells.
Your spell library was empty.

Dungeon Overview and Level Annotations

Branches:
Dungeon (4/15)
 Temple: D:4-7

Altars:
Ashenzari
Makhleb
Qazlal
Sif Muna
Uskayaw
Wu Jian
Yredelemnul


Innate Abilities, Weirdness & Mutations

You are partially covered in rugged brown scales. (AC +1, +3% HP)
You are partially covered in yellow scales. (AC +2)
You are clumsy. (Dex -2)
Your muscles are strong. (Str +2)


Message History

You start resting.
A gnoll shaman comes into view. It is wielding a +0 whip.
A gnoll shaman is nearby!
The gnoll shaman closely misses you.
You hit the gnoll shaman. You barely miss the gnoll shaman.
The gnoll shaman hits you with a +0 whip!
* * * LOW HITPOINT WARNING * * *
You completely miss the gnoll shaman.
You hit the gnoll shaman but do no damage.
The gnoll shaman hits you but does no damage.
A gnoll comes into view. It is wielding a +0 club.
You closely miss the gnoll shaman.
The gnoll shaman hits you with a +0 whip.
* * * LOW HITPOINT WARNING * * *
You barely miss the gnoll shaman. You hit the gnoll shaman.
The gnoll shaman hits you with a +0 whip!
* * * LOW HITPOINT WARNING * * *
You hit the gnoll shaman.
Unknown command.
You hit the gnoll shaman. The gnoll shaman closely misses you.
You closely miss the gnoll shaman. You barely miss the gnoll shaman.
The gnoll shaman closely misses you.
You hit the gnoll shaman. The gnoll barely misses you.
Unknown command.
You hit the gnoll shaman.
You kill the gnoll shaman!
Beogh accepts your kill.
Beogh appreciates your killing of a heretic priest.
A gnoll comes into view.
The gnoll shouts!
You hear a shout!
You hear an angry hiss.
A gnoll comes into view. It is wielding a -2 whip.
The gnoll closely misses you. The gnoll hits you!
* * * LOW HITPOINT WARNING * * *
Found a scroll labeled YQAGGA JUGOFI.
Things that are here:
a +0 whip; a +0 leather armour It was a potion of mutation.
You feel extremely strange.
Rugged brown scales grow over part of your body.
You feel clumsy.
Yellow scales grow over part of your body.
You feel stronger. The gnoll hits you with a +0 club.
* * * LOW HITPOINT WARNING * * *
The gnoll hits you.
* * * LOW HITPOINT WARNING * * *
It was a potion of haste.
You feel yourself speed up. The gnoll hits you with a +0 club.
You die...

... ###..........##
.... #............#
.....#..).........#
#..g.............##
.....#).........# ....
##........## ...
#.g......# ##.......
.. ###gg...##
#........ . ##@..##
##........ #.###
#......... #..#
##......... ##.##
#..........
##..###..........
#.....#.........#
.....#......#########
.....#####.>.########.
...## ####.........


You could see 3 gnolls.

Vanquished Creatures
  A scorpion (D:4)
  A howler monkey (D:4)
  A gnoll shaman (D:4)
  Jessica (D:3)
  A hound skeleton (D:4)
  7 adders
  An ooze (D:2)
  4 worms
  5 dart slugs
  2 leopard geckos
  3 orcs
  3 ball pythons
  10 bats
  3 giant cockroaches
  6 goblins
  6 hobgoblins
  4 jackals
  A quokka (D:3)
  9 frilled lizards
  6 kobolds
  11 rats
86 creatures vanquished.

Vanquished Creatures (others)
  A worm (D:4)
1 creature vanquished.

Grand Total: 87 creatures vanquished

Notes
Turn   | Place    | Note
-------+----------+-------------------------------------------
     0 | D:1      | n0claF the Hill Orc Monk began the quest for the Orb.
     0 | D:1      | Reached XP level 1. HP: 19/19 MP: 1/1
   391 | D:1      | Reached XP level 2. HP: 26/27 MP: 2/2
   528 | D:1      | Found a shattered altar of Ashenzari.
   548 | D:1      | Reached skill level 1 in Armour
   590 | D:1      | Reached skill level 4 in Fighting
   671 | D:1      | Reached XP level 3. HP: 28/33 MP: 3/3
  1268 | D:2      | Found a hide-covered altar of Uskayaw.
  1957 | D:2      | Reached XP level 4. HP: 40/40 MP: 4/4
  1990 | D:2      | Reached skill level 1 in Long Blades
  2206 | D:2      | Found a shimmering blue altar of Sif Muna.
  2248 | D:2      | Found a burning altar of Makhleb.
  2248 | D:2      | Noticed an Executioner
  2251 | D:2      | Noticed a hellwing
  2251 | D:2      | Noticed a ynoxinul
  2480 | D:3      | Noticed Jessica
  2553 | D:3      | Killed Jessica
  2553 | D:3      | Reached skill level 1 in Short Blades
  2553 | D:3      | Reached XP level 5. HP: 41/47 MP: 5/5
  2741 | D:3      | Found a basalt altar of Yredelemnul.
  3531 | D:3      | Found a stormy altar of Qazlal.
  3615 | D:4      | Found an ornate altar of the Wu Jian Council.
  3696 | D:4      | Noticed an orc warrior
  3697 | D:4      | Became a worshipper of Beogh the Brigand
  3697 | D:4      | Reached * piety under Beogh
  3697 | D:4      | Reached ** piety under Beogh
  3899 | D:4      | Reached skill level 5 in Fighting
  3899 | D:4      | Reached XP level 6. HP: 24/56 MP: 6/6
  4236 | D:4      | Gained mutation: You are partially covered in rugged brown
                  | scales. (AC +1, +3% HP) [potion of mutation]
  4236 | D:4      | Gained mutation: You are clumsy. (Dex -2) [potion of
                  | mutation]
  4236 | D:4      | Gained mutation: You are partially covered in yellow
                  | scales. (AC +2) [potion of mutation]
  4236 | D:4      | Gained mutation: Your muscles are strong. (Str +2) [potion
                  | of mutation]
  4236 | D:4      | HP: 1/57 [gnoll (2)]
  4237 | D:4      | Slain by a gnoll

Levels and vault maps discovered:
D:1:      shiori_shiawase, layout_basic, ashenzari_altar_1
D:2:      minmay_angry_zag, layout_loops_ring, lemuel_blue_sif_altar,
          makhleb_altar_promises_db, eat_drink_and_be_merry_uskayaw
D:3:      layout_basic, lemuel_crystal_altar, grunt_qazlal_sundering,
          small_statue_alley_b, minmay_misc_feat_nine_boxes, uniq_jessica
D:4:      layout_cave_pods, lemuel_crystal_altar, tso_altar, first_ration

Skill      XL: |  1  2  3  4  5  6 |
---------------+-------------------+-----
Armour         | 1 2 3 |  3.2
Fighting       | 4 5 |  5.3
Maces & Flails | 4 |  4.1
Long Blades    | 1 |  1.1
Short Blades   | 1 2 3 |  3.3
Dodging        | |  2.4
Stealth        | |  1.5

Action                   |  1- 3 |  4- 6 || total
-------------------------+-------+-------++-------
Melee: Mace              |    76 |       ||    76
       Long sword        |    41 |    21 ||    62
       Dagger            |       |   233 ||   233
Invok: Convert to Beogh  |       |     1 ||     1
  Use: Potion            |       |     2 ||     2
 Stab: Sleeping          |     5 |     3 ||     8
  Eat: Chunk             |     3 |     7 ||    10
Armor: Robe              |    19 |    20 ||    39
       Leather armour    |       |    36 ||    36
Dodge: Dodged            |    97 |   107 ||   204
       Rpst.: Long sword |     7 |     5 ||    12

Table legend:
 A = Non-vault XP
 B = Vault XP
 C = Vault XP percentage of total XP
 D = Non-vault monster count
 E = Vault monster count
 F = Vault count percentage of total count
                 A         B        C        D         E       F
            +---------+---------+-------+---------+---------+-------
      Total |     425 |      46 |   9.8 |      81 |       6 |   6.9
            +---------+---------+-------+---------+---------+-------
        D:1 |      44 |       0 |   0.0 |      24 |       0 |   0.0
        D:2 |      61 |       9 |  12.9 |      20 |       5 |  20.0
        D:3 |     112 |      37 |  24.8 |      28 |       1 |   3.4
        D:4 |     208 |       0 |   0.0 |       9 |       0 |   0.0
            +---------+---------+-------+---------+---------+-------
